 Dungeon Crawl Stone Soup version 0.30-a0-360-g447f08457e (webtiles) character file.

Game seed: 4762061493835277815

7091 experimilk the Destroyer (level 10, -3/80 HPs)
             Began as a Black Draconian Conjurer on Nov 13, 2022.
             Was a Follower of Vehumet.
             Killed from afar by Erolcha (34 damage)
             ... with a fireball
             ... on level 9 of the Dungeon.
             The game lasted 00:37:30 (15405 turns).

experimilk the Destroyer (DrCj)                    Turns: 15405, Time: 00:37:31

Health: -3/80      AC:  7    Str: 12    XL:     10   Next: 84%
Magic:  14/34      EV: 12    Int: 22    God:    Vehumet [*.....]
Gold:   418        SH:  9    Dex: 10    Spells: 6/17 levels left

rFire   . . .      SeeInvis .    O - +7 long sword "Duocutho" {holy, rPois rCorr MP+9}
rCold   . . .      Faith    .    C - +0 buckler
rNeg    + . .      Spirit   .    (body armour unavailable)
rPois   +          Reflect  +    (helmet restricted)
rElec   +          Harm     .    (no cloak)
rCorr   +          Rampage  .    (no gloves)
Will    .....                    (no boots)
Stlth   ++........               L - amulet of reflection
HPRegen 0.33/turn                n - ring of wizardry
MPRegen 0.24/turn                v - ring "Seoqaemn" {rN+ MP+9 Str+2}

@: no status effects
A: breathe lightning, AC +7, unfitting armour, electricity resistance,
cold-blooded
a: Breathe Lightning, Renounce Religion


You were on level 9 of the Dungeon.
You worshipped Vehumet.
Vehumet was aware of your devotion.
You visited 2 branches of the dungeon, and saw 10 of its levels.
You also visited: Sewer.

You collected 418 gold pieces.

Inventory:

Hand Weapons
 l - a +0 vorpal short sword
 G - a +3 whip of flaming
 I - a +3 trident of holy wrath
 K - a +0 trident of venom
 O - the +7 long sword "Duocutho" (weapon) {holy, rPois rCorr MP+9}
   (You found it on level 7 of the Dungeon)

   It has been blessed by the Shining One to cause great damage to the undead
   and demons.
   rPois:     It protects you from poison.
   MP:        It affects your magic capacity (+9).
   rCorr:     It protects you from acid and corrosion.
 R - the +9 staff of Wucad Mu {*channel}
   (You found it on level 8 of the Dungeon)

   It occasionally powers its wielder's spells, but with a chance of causing
   confusion or draining the wielder's intelligence.
   It becomes more likely to activate and less likely to backfire with increased
   Evocations skill.
Missiles
 M - 2 throwing nets
Armour
 C - a +0 buckler (worn)
 D - a +2 pair of boots
Magical Staves
 g - a staff of fire
Jewellery
 j - a ring of poison resistance
 k - a ring of magical power
 n - a ring of wizardry (left hand)
 r - a ring of positive energy
 u - a +6 ring of intelligence
 v - the ring "Seoqaemn" (right hand) {rN+ MP+9 Str+2}
   (You found it in a sewer)

   [ring of magical power]

   Str:       It affects your strength (+2).
   rN:        It protects you from negative energy.
   MP:        It affects your magic capacity (+9).
 x - an amulet of the acrobat
 B - a +4 ring of evasion
 E - a +6 ring of dexterity
 L - an amulet of reflection (around neck)
Wands
 m - a wand of light (6)
 F - a wand of charming (10)
 J - a wand of digging (9)
 N - a wand of flame (27)
 Q - a wand of polymorph (9)
Scrolls
 c - 2 scrolls of butterflies
 d - a scroll of acquirement {unknown}
 f - 2 scrolls of teleportation
 o - 3 scrolls of fear {unknown}
 s - a scroll of immolation {unknown}
 t - 3 scrolls of blinking
 y - a scroll of summoning {unknown}
 z - 2 scrolls of poison {unknown}
 A - 3 scrolls of amnesia
 H - a scroll of vulnerability {unknown}
 S - a scroll of magic mapping {unknown}
Potions
 a - a potion of magic
 b - 2 potions of berserk rage
 e - 3 potions of attraction
 h - 3 potions of curing
 i - 3 potions of lignification
 p - 4 potions of mutation
 q - a potion of haste {unknown}
 w - a potion of flight {unknown}
 P - a potion of resistance


   Skills:
 + Level 4.3 Fighting
 - Level 4.0 Dodging
 - Level 1.7 Stealth
 - Level 4.0 Shields
 + Level 4.2 Spellcasting
 - Level 14.0 Conjurations
 - Level 3.0 Hexes
 * Level 3.7 Translocations


You had 6 spell levels left.
You knew the following spells:

 Your Spells              Type           Power      Damage    Failure   Level
a - Magic Dart            Conj           100%       1d8       1%          1
c - Fulminant Prism       Conj/Hex       21%        3d12      1%          4
x - Iskenderun's Mystic   Conj/Tloc      43%        2d10      1%          4
z - Searing Ray           Conj           100%       2d8       1%          2

Your spell library contained the following spells:

 Spells                   Type           Power      Damage    Failure   Level
 Freeze                   Ice            16%        1d4       6%          1
 Dazzling Flash           Conj/Hex       84%        N/A       1%          3
 Hailstorm                Conj/Ice       35%        3d9       1%          3
 Anguish                  Hex/Necr       5%         N/A       28%         4
 Ice Form                 Ice/Tmut       4%         N/A       45%         4
 Simulacrum               Ice/Necr       2%         N/A       100%        6
 Enfeeble                 Hex            8%         N/A       100%        7


Dungeon Overview and Level Annotations

Branches:
Dungeon (9/15)             Temple (1/1) D:7           Sewer (visited)
   Lair: D:8-11         Orc: D:9-12

Altars:
Ashenzari
Cheibriados
Dithmenos
Elyvilon
Fedhas
Gozag
Hepliaklqana
Makhleb
Nemelex Xobeh
Okawaru
Qazlal
Ru
Sif Muna
Trog
Uskayaw
Vehumet
Wu Jian
Xom
Yredelemnul
Zin
The Shining One

Shops:
D:3 *   D:4 :   D:5 (

Annotations:
D:7 exclusion: oklob plant
D:9 Erolcha


Innate Abilities, Weirdness & Mutations

You can breathe wild blasts of lightning.
Your glossy black scales are hard. (AC +7)
You cannot fit into any form of body armour.
You are resistant to electric shocks. (rElec)
You are cold-blooded and may be slowed by cold attacks.


Message History

Erolcha shouts!
The polar bear goes berserk!
The searing ray hits the polar bear.
The polar bear is almost dead.
You finish channelling your searing ray.
The polar bear closely misses you.
The polar bear claws you but does no damage.
The polar bear barely misses you.
An ice beast comes into view.
You block the ice beast's attack.
Casting: Searing Ray (safe; 1% risk of failure)
Confirm with . or Enter, or press ? or * to list all spells.
You erupt in a blast of force!
The mystic blast hits the polar bear!
You kill the polar bear!
Vehumet accepts your kill.
The mystic blast hits the ice beast!
The ice beast is almost dead.
The ice beast is knocked back by the mystic blast.
The ice beast slams into the rock wall!
You kill the ice beast!
Vehumet accepts your kill.
Erolcha casts a spell.
Erolcha blinks!
Casting: Iskenderun's Mystic Blast (dangerous; 1% risk of failure)
Confirm with . or Enter, or press ? or * to list all spells.
Aiming: Fulminant Prism (dangerous; 1% risk of failure)
Press: ? - help, Dir - move target You conjure a prism of explosive energy!
A fulminant prism comes into view.
Erolcha gestures at you while chanting.
The fireball explodes!
The fireball engulfs you!!
You hear an angry hiss.
Erolcha gestures wildly while chanting.
Erolcha flickers and vanishes!
Deactivating autopickup; reactivate with Ctrl-A.
Your fulminant prism crackles loudly.
You hear some strange, mumbled words.
A fireball appears from out of thin air!
The fireball explodes!
The fireball engulfs you!!
You die...

...#.###........#
....... ........))..#
#.# ...:.##
..##.####)..###.# #
.......
####.#..........##.#
##.Y.....
#...............#
#.ยง..#
###..........#######.#
####...###.# #...#
#...# #.#####{#######
#...# #.@............
##.####.....*.#######
#.......######
#########


You could see a friendly fulminant prism.

Vanquished Creatures
  A two-headed ogre (D:8)
  A troll (D:8)
  A polar bear (D:9)
  A shadow (D:7)
  Sigmund (D:5)
  5 yaks (D:9)
  2 steam dragons
  Edmund (D:5)
  An acid dragon (D:5)
  3 ice beasts
  A water moccasin (D:7)
  2 black bears (D:6)
  4 orc warriors
  3 sky beasts
  A wolf (D:9)
  5 centaurs
  A phantom (D:4)
  Blork the orc (D:5)
  2 necrophages (D:6)
  A bullfrog (Sewer)
  5 gnoll sergeants
  4 scorpions
  9 killer bees
  A howler monkey (D:4)
  4 orc priests
  7 jellies
  9 hounds
  4 gnoll boudas
  An iron imp (D:5)
  Jessica (D:2)
  Ijyb (D:5)
  Natasha (thrice) (D:2)
  An iguana (D:5)
  5 orc wizards (D:7)
  Robin (D:2)
  9 adders
  27 gnolls
  A river rat (D:3)
  A shadow imp (D:6)
  3 white imps
  2 worms
  A dart slug (D:5)
  22 orcs
  18 endoplasms
  15 giant cockroaches
  10 goblins
  20 hobgoblins
  16 jackals
  11 quokkas
  10 ball pythons
  7 bats
  14 frilled lizards
  8 kobolds
  8 rats
  A fulminant prism (D:6)
298 creatures vanquished.

Vanquished Creatures (others)
  26 fulminant prisms
  11 fungi (D:7)
  3 plants (D:1)
40 creatures vanquished.

Grand Total: 338 creatures vanquished

Notes
Turn   | Place    | Note
-------+----------+-------------------------------------------
     0 | D:1      | experimilk the Draconian Conjurer began the quest for the
                  | Orb.
     0 | D:1      | Reached XP level 1. HP: 14/14 MP: 3/3
   261 | D:1      | Reached XP level 2. HP: 20/20 MP: 1/5
   265 | D:1      | Learned a level 2 spell: Searing Ray
   835 | D:1      | Reached skill level 5 in Conjurations
   835 | D:1      | Reached XP level 3. HP: 26/26 MP: 0/6
  1944 | D:2      | Noticed Robin
  1986 | D:2      | Killed Robin
  1987 | D:2      | Reached XP level 4. HP: 33/33 MP: 0/7
  2511 | D:2      | Reached skill level 6 in Conjurations
  2516 | D:2      | Learned a level 4 spell: Iskenderun's Mystic Blast
  2520 | D:2      | Noticed Natasha
  2537 | D:2      | Killed Natasha
  2549 | D:2      | Noticed Natasha
  2555 | D:2      | Killed Natasha
  2556 | D:2      | Reached XP level 5. HP: 6/38 MP: 0/8
  3038 | D:2      | Noticed Natasha
  3042 | D:2      | Killed Natasha
  3095 | D:2      | Reached skill level 7 in Conjurations
  3572 | D:2      | Noticed Jessica
  3575 | D:2      | Killed Jessica
  4000 | D:3      | Reached XP level 6. HP: 45/45 MP: 4/9
  4085 | D:3      | Found a glowing drain.
  4101 | Sewer    | Entered a sewer
  5061 | Sewer    | Identified the ring "Seoqaemn" {rN+ MP+9 Str+2}
  5391 | D:3      | Found Fiywud's General Store.
  5573 | D:3      | You fall into a shaft and drop 1 floor!
  5768 | D:4      | Reached skill level 8 in Conjurations
  5955 | D:4      | Your scales start taking on a glossy black colour.
  5955 | D:4      | Reached XP level 7. HP: 50/50 MP: 10/10
  5955 | D:4      | Gained mutation: You are resistant to electric shocks.
                  | (rElec) [Black Draconian growth]
  6332 | D:4      | Reached skill level 9 in Conjurations
  6510 | D:4      | Found Kakhir's Self-Improvement Boutique.
  6857 | D:5      | Entered Level 5 of the Dungeon
  6893 | D:5      | Noticed Edmund
  6914 | D:5      | Killed Edmund
  7242 | D:5      | Reached skill level 10 in Conjurations
  7242 | D:5      | Reached XP level 8. HP: 32/58 MP: 8/11
  7295 | D:5      | Noticed Sigmund
  7336 | D:5      | Learned a level 4 spell: Fulminant Prism
  7349 | D:5      | Killed Sigmund
  7350 | D:5      | Reached skill level 1 in Fighting
  7624 | D:5      | Found a snail-covered altar of Cheibriados.
  7678 | D:5      | Found Wagodaf's Weapon Boutique.
  7750 | D:5      | Found a glowing golden altar of the Shining One.
  7750 | D:5      | Identified the +3 plate armour of Edi Itt {rF+ rN+}
  7750 | D:5      | Noticed Ijyb
  7760 | D:5      | Killed Ijyb
  8026 | D:5      | Noticed Blork the orc
  8030 | D:5      | Killed Blork the orc
  8936 | D:5      | Reached skill level 11 in Conjurations
  9359 | D:6      | Reached XP level 9. HP: 55/67 MP: 1/12
  9771 | D:6      | Reached skill level 12 in Conjurations
 11091 | D:6      | Found a shimmering altar of Xom.
 11091 | D:6      | Found a bloodstained altar of Trog.
 11113 | D:6      | Found a sacrificial altar of Ru.
 11264 | D:7      | Noticed an oklob plant
 12196 | D:7      | Reached skill level 13 in Conjurations
 12927 | D:7      | Reached XP level 10. HP: 48/78 MP: 16/16
 12933 | D:7      | Identified the +7 long sword "Duocutho" {holy, rPois rCorr
                  | MP+9}
 12933 | D:7      | Identified the +5 whip "Huuth" {pain, rElec rC+ Str-3
                  | Stlth+}
 13171 | D:7      | Found a staircase to the Ecumenical Temple.
 13182 | Temple   | Entered the Ecumenical Temple
 13189 | Temple   | Became a worshipper of Vehumet
 13382 | D:8      | Noticed a two-headed ogre
 13392 | D:8      | Killed a two-headed ogre
 13397 | D:8      | Reached skill level 14 in Conjurations
 13524 | D:8      | Found a glowing silver altar of Zin.
 13781 | D:8      | Reached skill level 1 in Hexes
 13781 | D:8      | Reached skill level 1 in Translocations
 13952 | D:8      | Found the +9 staff of Wucad Mu {*channel}
 14095 | D:8      | Reached skill level 1 in Shields
 15153 | D:9      | Reached * piety under Vehumet
 15153 | D:9      | Offered knowledge of Freeze by Vehumet.
 15394 | D:9      | Noticed Erolcha
 15405 | D:9      | Killed from afar by Erolcha

Illustrated notes

Levels and vault maps discovered:
D:1:      ncdulo_wetmaze, layout_basic, serial_bayou_lake_a
D:2:      kb_forest_paths, layout_basic, grunt_ministairs_2,
          chequers_serial_rivers_room_b, chequers_serial_rivers_large_b,
          dk_noncrumbling_4, hex_intersection, minmay_misc_feat_enclosed,
          minivault_25, uniq_natasha, uniq_jessica, uniq_robin
D:3:      layout_loops_cross, portal_sewer_entry_a, serial_shops, shop_statue,
          minmay_misc_feat_plants
D:4:      layout_loops_ring, nicolae_shop_self_help
D:5:      layout_basic, tso_altar, chei_slow_surprise, serial_shops,
          nicolae_shop_hallway_stairs, uniq_ijyb, uniq_edmund,
          uniq_blork_the_orc, uniq_sigmund
D:6:      layout_cave_pools, mainiacjoe_overflow_alcove_1,
          nicolae_overflow_two_pavilions, serial_gnoll_camp,
          gnoll_camp_mini_basic, gnoll_camp_mini_sergeant,
          gnoll_camp_huts_basic, gnoll_camp_mini_hut
D:7:      lemuel_slime, layout_gridville, minmay_temple_entry_arrows
D:8:      layout_gridville, zin_statuary
D:9:      layout_loops_ring, hellmonk_lair_entry_icy, st_stairs_14, uniq_erolcha
Temple:   nicolae_temple_no_exploring_needed

Skill      XL: |  1  2  3  4  5  6  7  8  9 10 |
---------------+-------------------------------+-----
Conjurations   | 5 6 7 8 10 11 13 14 | 14.0
Dodging        | 2 4 |  4.0
Fighting       | 2 4 |  4.3
Spellcasting   | 4 |  4.2
Hexes          | 3 |  3.0
Translocations | 3 |  3.7
Shields        | 4 |  4.0
Stealth        | |  1.7

Action                   |  1- 3 |  4- 6 |  7- 9 | 10-12 || total
-------------------------+-------+-------+-------+-------++-------
Melee: Mace              |    29 |       |       |       ||    29
       Tailslap          |     1 |     5 |     1 |       ||     7
       Short sword       |       |    35 |    13 |       ||    48
       Trident           |       |       |     4 |       ||     4
       Whip              |       |       |     3 |       ||     3
 Cast: Magic Dart        |    74 |   113 |   153 |    53 ||   393
       Searing Ray       |     5 |    26 |    78 |    28 ||   137
       Iskenderun's Myst |       |       |     7 |     3 ||    10
       Fulminant Prism   |       |       |    20 |     8 ||    28
 Abil: Breathe Lightning |       |       |     6 |     2 ||     8
Evoke: Wand              |       |       |     3 |       ||     3
  Use: Scroll            |     2 |     1 |    10 |     2 ||    15
Armor: Skin              |    18 |     8 |    22 |    11 ||    59
Dodge: Dodged            |    27 |    40 |    88 |    28 ||   183
Block: Buckler           |       |       |    12 |    27 ||    39
       Reflection        |       |       |     2 |     1 ||     3

Table legend: (Time is in decaauts)
 A = Elapsed time spent in this place.
 B = Non-inter-level travel time spent in this place.
 C = Inter-level travel time spent in this place.
 D = Time resting spent in this place.
 E = Time spent auto-exploring this place.
 F = Levels seen in this place.
 G = Mean time per level.
                   A        B        C        D        E       F      G
               +--------+--------+--------+--------+--------+-----+--------+
         Total |  15543 |  15117 |    426 |   6783 |   6080 |  11 | 1413.0 |
       Dungeon |  14462 |  14036 |    426 |   5995 |   6080 |   9 | 1606.9 |
        Temple |     14 |     14 |      0 |      0 |      0 |   1 |   14.0 |
         Sewer |   1065 |   1065 |      0 |    788 |      0 |   1 | 1065.0 |
               +--------+--------+--------+--------+--------+-----+--------+

Top non-repeatable levels by time:
     D:5: 2601 daAuts
     D:2: 2521 daAuts
     D:7: 2236 daAuts
     D:1: 1441 daAuts
     D:6: 1437 daAuts
     D:4: 1370 daAuts
     D:8: 1172 daAuts
   Sewer: 1065 daAuts
     D:9: 859 daAuts
     D:3: 822 daAuts
  Temple: 14 daAuts
